 Dungeon Crawl Stone Soup version 0.15.0-11-g6f4f891 (webtiles) character file.

5793 Crauler the Transmogrifier (level 10, -5/84 HPs)
             Began as a Pale Draconian Transmuter on Aug 31, 2014.
             Was a High Priest of Okawaru.
             Slain by an unseen horror (8 damage)
             ... on Level 10 of the Dungeon.
             The game lasted 00:36:22 (8842 turns).

Crauler the Transmogrifier (DrTm)                   Turns: 8842, Time: 00:36:22

HP  -5/84        AC 11     Str 12      XL: 10   Next: 50%
MP  21/22        EV 26     Int 14      God: Okawaru [*****.]
Gold 570         SH  0     Dex 20      Spells:  2 memorised, 11 levels left

rFire  . . .     SeeInvis .       - Unarmed
rCold  . . .     Clarity  .     (armour unavailable)
rNeg   . . .     rCorr    .     (no shield)
rPois  .         rRot     .     (helmet restricted)
rElec  .         Spirit   .     y - +0 cloak
SustAb .         Warding  .     j - +2 pair of gloves
rMut   .         Rnd*Tele +     (no boots)
Gourm  .                        w - amulet of faith
MR     +....                    (no ring)
                                (no ring)

@: agile, heroism, somewhat resistant to hostile enchantments, stealthy
A: breathe steam, unfitting armour, blurry vision 1, magic resistance 1,
teleportitis 1, cold-blooded, AC +7
a: Breathe Steam, Heroism, Finesse, Renounce Religion


You were on level 10 of the Dungeon.
You worshipped Okawaru.
Okawaru was extremely pleased with you.
You were near starving.

You visited 2 branches of the dungeon, and saw 11 of its levels.

You collected 570 gold pieces.

Inventory:

Hand weapons
 f - the +7 mace of the Heart {drain, MR++}
   (You found it on level 9 of the Dungeon)

   A truly terrible weapon, it drains the life of those it strikes.
   It affects your resistance to hostile enchantments.
 q - a +0 quarterstaff
 u - a +3 dagger of draining
 B - a +2 short sword of holy wrath
Armour
 j - a +2 pair of gloves (worn)
 n - a +2 shield
 v - a +0 buckler
 y - a +0 cloak (worn)
Magical devices
 l - a wand of polymorph (14)
 s - a wand of disintegration (20)
Comestibles
 a - 9 bread rations
 g - 7 slices of pizza
 i - 4 meat rations
 k - 5 beef jerkies
 p - a royal jelly
 A - a fruit
Scrolls
 b - 4 scrolls of remove curse
 o - 2 scrolls of teleportation
 t - 5 scrolls of identify
 z - a scroll of magic mapping
Jewellery
 w - an amulet of faith (around neck)
 C - an uncursed amulet of clarity
Potions
 e - 2 potions of flight
 h - a potion of agility
 m - 2 potions of invisibility
Books
 d - a book of Changes

   Spells                             Type                      Level
   Beastly Appendage                  Transmutation                1
   Sticks to Snakes                   Transmutation                2
   *Spider Form                       Transmutation/Poison         3
   Ice Form                           Ice/Transmutation            4
   *Blade Hands                       Transmutation                5
 x - a book of Dreams

   Spells                             Type                      Level
   Ensorcelled Hibernation            Hexes/Ice                    2
   Flight                             Charms/Air                   3
   Phase Shift                        Translocation                5
   Shadow Creatures                   Summoning                    5
   Mass Confusion                     Hexes                        6
   Darkness                           Hexes                        7
Magical staves
 c - an uncursed staff of cold


   Skills:
 + Level 6.4(11.4) Fighting
 + Level 5.6(10.6) Dodging
 * Level 9.0(14.0) Unarmed Combat
 - Level 5.0 Spellcasting
 * Level 9.1 Transmutations
 + Level 2.8 Invocations


You had 11 spell levels left.
You knew the following spells:

 Your Spells              Type           Power        Failure   Level  Hunger
b - Spider Form           Trmt/Pois      ###.......   10%         3    ###....
c - Blade Hands           Trmt           ####......   14%         5    #####..


Dungeon Overview and Level Annotations

Branches:
Dungeon (10/15)            Temple (1/1) D:6
    Orc: D:9-12        Lair: D:8-11

Altars:
Ashenzari
Elyvilon
Kikubaaqudgha
Makhleb
Okawaru
Qazlal
Sif Muna
Trog
Vehumet
Yredelemnul
Zin
The Shining One


Innate Abilities, Weirdness & Mutations

You can breathe blasts of scalding steam.
Your pale cyan-grey scales are hard (AC +7).
Your body does not fit into most forms of armour.
Your cold-blooded metabolism reacts poorly to cold.
Your vision is a little blurry.
You are resistant to hostile enchantments.
Space occasionally distorts in your vicinity.


Message History

The tengu warrior shoots a bolt.
The bolt hits you!!
* * * LOW HITPOINT WARNING * * *
Unknown command.
Read which item? (? for menu, Esc to quit)
The writing blurs in front of your eyes.
Something hits you but does no damage. Something hits you.
* * * LOW HITPOINT WARNING * * *
The tengu warrior shoots a bolt.
The bolt hits you but does no damage.
Read which item? (? for menu, Esc to quit)
The writing blurs in front of your eyes.
Something misses you. Something completely misses you.
Read which item? (? for menu, Esc to quit)
As you read the scroll of fear, it crumbles to dust.
You assume a fearsome visage.
The tengu warrior looks frightened!
The raven looks frightened!
Cornered, the raven turns to fight!
You see here a bolt.
Something completely misses you.
You closely miss something.
Your tail-slap misses something.
Something hits you!
You die...

######## #......#
#.<....###########
#....@..((b.....!Q
#......###########
#......# #.)..%.#
#...%..# #......#
#......# #####.##
..#


You could see a raven.

Vanquished Creatures
  A flayed ghost (D:9)
  A two-headed ogre (D:9)
  A fire bat (D:9)
  5 wraiths (D:9)
  A hog (D:8)
  A human (D:8)
  A hippogriff (D:9)
  3 yaks (D:9)
  2 ice beasts
  3 black bears (D:9)
  2 phantoms
  2 orc warriors
  2 necrophages
  6 ogres
  2 centaurs (D:9)
  Sigmund (D:3)
  A scorpion (D:8)
  4 giant frogs
  2 jellies (D:8)
  3 wights (D:9)
  3 vampire bats (D:8)
  A goliath beetle (D:8)
  A crimson imp (D:7)
  3 orc priests
  7 hounds
  4 orc wizards
  3 sheep (D:8)
  7 worker ants
  Ijyb (D:3)
  A hound skeleton (D:7)
  A mummy (D:7)
  9 adders
  3 worms
  2 shadow imps
  2 oozes
  22 orcs
  27 bats
  2 bat skeletons
  4 bat zombies (D:8)
  8 giant cockroaches
  A gnoll zombie (D:8)
  11 hobgoblins
  11 jackals
  17 kobolds
  8 giant geckos
  A giant gecko zombie (D:4)
  6 giant newts
  19 goblins
  2 hobgoblin skeletons
  5 quokkas
  A quokka skeleton (D:7)
  11 rats
248 creatures vanquished.

Notes
Turn   | Place    | Note
--------------------------------------------------------------
     0 | D:1      | Crauler, the Draconian Transmuter, began the quest for the Orb.
     0 | D:1      | Reached XP level 1. HP: 16/16 MP: 3/3
   243 | D:1      | Reached XP level 2. HP: 14/23 MP: 4/4
   893 | D:1      | Reached XP level 3. HP: 24/28 MP: 6/6
   898 | D:1      | Learned a level 3 spell: Spider Form
  1486 | D:2      | Reached XP level 4. HP: 18/35 MP: 7/7
  2146 | D:3      | Noticed Ijyb
  2168 | D:3      | Killed Ijyb
  2168 | D:3      | Reached skill level 4 in Unarmed Combat
  2261 | D:3      | Found a burning altar of Makhleb.
  2261 | D:3      | Found a glowing golden altar of the Shining One.
  2262 | D:3      | Found an iron altar of Okawaru.
  2277 | D:3      | Found a deep blue altar of Sif Muna.
  2290 | D:3      | Gained mutation: Your vision is a little blurry. [potion of mutation]
  2290 | D:3      | Gained mutation: You are resistant to hostile enchantments. [potion of mutation]
  2290 | D:3      | Gained mutation: Space occasionally distorts in your vicinity. [potion of mutation]
  2316 | D:3      | Became a worshipper of Warmaster Okawaru
  2463 | D:3      | Noticed an ogre
  2473 | D:3      | Killed an ogre
  2473 | D:3      | Acquired Okawaru's first power
  2473 | D:3      | Reached XP level 5. HP: 35/41 MP: 5/9
  2666 | D:3      | Noticed Sigmund
  2685 | D:3      | Killed Sigmund
  2685 | D:3      | Reached XP level 6. HP: 29/49 MP: 4/11
  3128 | D:4      | HP: 2/50 [phantom (9)]
  3566 | D:5      | Entered Level 5 of the Dungeon
  3624 | D:5      | Your scales start fading to a pale cyan-grey colour.
  3624 | D:5      | Reached XP level 7. HP: 56/56 MP: 14/14
  3723 | D:5      | Reached skill level 5 in Unarmed Combat
  4424 | D:6      | Found a burning altar of Makhleb.
  4424 | D:6      | Noticed a cacodemon
  4433 | D:6      | Noticed an orange demon
  4433 | D:6      | Noticed an orange demon
  4529 | D:6      | Reached skill level 5 in Transmutations
  4530 | D:6      | Found a staircase to the Ecumenical Temple.
  4535 | Temple   | Entered the Ecumenical Temple
  5201 | D:7      | Reached XP level 8. HP: 50/66 MP: 13/17
  5222 | D:7      | Learned a level 5 spell: Blade Hands
  5396 | D:7      | Found a stormy altar of Qazlal.
  5699 | D:8      | Reached skill level 6 in Unarmed Combat
  6024 | D:8      | Found a white marble altar of Elyvilon.
  6697 | D:8      | Found an ancient bone altar of Kikubaaqudgha.
  6712 | D:8      | Reached skill level 7 in Unarmed Combat
  6740 | D:8      | Reached XP level 9. HP: 61/73 MP: 20/20
  6879 | D:8      | Reached skill level 5 in Fighting
  7159 | D:9      | Acquired Okawaru's second power
  7189 | D:9      | Found a glowing silver altar of Zin.
  7234 | D:9      | Found a bloodstained altar of Trog.
  7339 | D:9      | Reached skill level 5 in Spellcasting
  7339 | D:9      | Reached skill level 8 in Transmutations
  7510 | D:9      | Reached skill level 5 in Dodging
  7619 | D:9      | Found a glowing golden altar of the Shining One.
  7641 | D:9      | Reached skill level 1 in Invocations
  7656 | D:9      | Found a burning altar of Makhleb.
  7656 | D:9      | Found a basalt altar of Yredelemnul.
  7712 | D:9      | Reached XP level 10. HP: 47/83 MP: 20/22
  7721 | D:9      | Found a stormy altar of Qazlal.
  7769 | D:9      | Found a glowing silver altar of Zin.
  7798 | D:9      | Found a glowing silver altar of Zin.
  7841 | D:9      | HP: 3/83 [wraith (4)]
  8235 | D:9      | Noticed a flayed ghost
  8242 | D:9      | Killed a flayed ghost
  8260 | D:9      | Got a crystal mace
  8263 | D:9      | Identified the +7 mace of the Heart {drain, MR++} (You found it on level 9 of the Dungeon)
  8728 | D:9      | Reached skill level 9 in Unarmed Combat
  8814 | D:10     | Entered Level 10 of the Dungeon
  8831 | D:10     | Noticed a tengu warrior
  8834 | D:10     | HP: 2/84 [tengu warrior/ bolt (26)]
  8842 | D:10     | Slain by an unseen horror

Action                   |  1- 3 |  4- 6 |  7- 9 | 10-12 || total
-------------------------+-------+-------+-------+-------++-------
Melee: Unarmed           |    43 |    45 |   373 |    91 ||   552
       Hand axe          |    85 |       |       |       ||    85
       Quarterstaff      |    35 |    86 |   121 |       ||   242
       Dagger            |       |    98 |       |       ||    98
       Short sword       |       |       |       |    28 ||    28
 Cast: Beastly Appendage |     2 |       |       |       ||     2
       Spider Form       |     2 |     7 |    18 |     4 ||    31
       Blade Hands       |       |       |       |     1 ||     1
Invok: Heroism           |       |     1 |     7 |     5 ||    13
 Abil: End Transformatio |       |     1 |     1 |       ||     2
       Breathe Steam     |       |       |     6 |     1 ||     7
Evoke: Wand              |       |       |     1 |     1 ||     2
  Use: Potion            |       |     9 |     1 |     7 ||    17
       Scroll            |       |     4 |    12 |     6 ||    22
 Stab: Sleeping          |     2 |       |     1 |     1 ||     4
       Distracted        |       |       |     1 |       ||     1
       Fleeing           |       |       |     1 |       ||     1
  Eat: Chunk             |     3 |     8 |    17 |     2 ||    30
       Pizza             |       |       |       |     1 ||     1
